 Dungeon Crawl Stone Soup version 0.30-a0-596-g0af90f9a20 (webtiles) character file.

Game seed: 9933375018634224827

36839 wormed the Transmogrifier (level 13, -26/108 HPs)
             Began as an Octopode Transmuter on Jan 7, 2023.
             Was an Initiate of Gozag.
             Killed from afar by a lindwurm (61 damage)
             ... with a blast of flame
             ... on level 4 of the Lair of Beasts.
             The game lasted 00:38:58 (21653 turns).

wormed the Transmogrifier (Octopode Transmuter)    Turns: 21653, Time: 00:38:59

Health: -26/108    AC: 13    Str: 10    XL:     13   Next: 92%
Magic:  15/25      EV: 13    Int: 32    God:    Gozag
Gold:   773        SH:  0    Dex: 12    Spells: 23/29 levels left

rFire   x . .      SeeInvis .      - Unarmed
rCold   + + +      Faith    .    (shield currently unavailable)
rNeg    . . .      Spirit   .    (helmet currently unavailable)
rPois   +          Reflect  .    w - amulet of regeneration
rElec   .          Harm     .    f - +6 ring of intelligence
rCorr   .          Rampage  .    r - +6 ring of intelligence
Will    .....                    (no ring)
Stlth   +                        (no ring)
HPRegen 1.18/turn                (no ring)
MPRegen 0.19/turn                (no ring)
                                 (no ring)
                                 (no ring)

@: ice-form, gold aura
A: freezing attack, boosted hp, almost no armour, amphibious, 8 rings, large,
(camouflage 1), (gelatinous body 1), (nimble swimmer 1), (tentacles)
a: End Transformation, Renounce Religion, Potion Petition, Call Merchant, Bribe
Branch


You were on level 4 of the Lair of Beasts.
You worshipped Gozag.
Gozag was pleased with you.
You were a creature of crystalline ice.
You visited 3 branches of the dungeon, and saw 16 of its levels.
You also visited: Sewer.

You collected 3799 gold pieces.
You paid 3026 gold pieces to Gozag.

Inventory:

Missiles
 D - a throwing net
Armour
 h - the +3 hat of Pondering (melded) {ponderous, Will+ MP+10 Int+5}
   (You took it off Gastronok on level 3 of the Lair of Beasts)

   Int:       It affects your intelligence (+5).
   MP:        It affects your magic capacity (+10).
   Will:      It increases your willpower.
Jewellery
 f - a +6 ring of intelligence (left front paw)
 r - a +6 ring of intelligence (right front paw)
 s - a ring of positive energy
 w - an amulet of regeneration (around neck)
Wands
 n - a wand of mindburst (4)
Scrolls
 b - a scroll of fear
 e - 3 scrolls of teleportation
 k - 2 scrolls of enchant armour
 l - a scroll of identify
 p - 2 scrolls of amnesia
 q - 2 scrolls of butterflies
 t - 4 scrolls of magic mapping
 u - a scroll of vulnerability
 B - a scroll of enchant weapon
Potions
 a - 4 potions of lignification
 c - a potion of curing
 d - 4 potions of mutation
 g - 2 potions of attraction
 i - 2 potions of degeneration
 j - 2 potions of brilliance
 m - 6 potions of flight
 o - 2 potions of magic
 x - a potion of haste {unknown}
 z - 2 potions of might


   Skills:
 + Level 9.2 Fighting
 + Level 9.5 Dodging
 + Level 9.8 Unarmed Combat
 + Level 8.6 Spellcasting
 * Level 13.0 Transmutations
 - Level 4.0 Ice Magic
 + Level 7.0 Air Magic


You had 23 spell levels left.
You knew the following spells:

 Your Spells              Type           Power      Damage    Failure   Level
a - Ice Form              Ice/Tmut       62%        N/A       1%          4
b - Wereblood             Tmut           78%        N/A       1%          2

Your spell library contained the following spells:

 Spells                   Type           Power      Damage    Failure   Level
 Beastly Appendage        Tmut           100%       N/A       0%          1
 Cigotuvi's Dreadful Rot  Necr/Pois/Air  56%        N/A       1%          2
 Spider Form              Tmut/Pois      53%        N/A       1%          3
 Blade Hands              Tmut           39%        N/A       1%          5
 Apportation              Tloc           26%        N/A       3%          1
 Magic Dart               Conj           52%        1d5       3%          1
 Necrotise                Necr           52%        1d6       3%          1
 Summon Small Mammal      Summ           52%        N/A       3%          1
 Hailstorm                Conj/Ice       26%        3d7       4%          3
 Searing Ray              Conj           26%        2d5       5%          2
 Call Canine Familiar     Summ           13%        N/A       11%         3
 Inner Flame              Hex/Fire       13%        N/A       11%         3
 Portal Projectile        Hex/Tloc       26%        N/A       11%         3
 Tukima's Dance           Hex            13%        N/A       11%         3
 Dispel Undead            Necr           13%        3d9       34%         4
 Flame Wave               Conj/Fire      13%        2d6       34%         4
 Fulminant Prism          Conj/Hex       6%         3d6       34%         4
 Leda's Liquefaction      Hex/Erth       6%         N/A       34%         4
 Sticky Flame             Conj/Fire      13%        2d4       34%         4
 Agony                    Necr           13%        N/A       69%         5
 Death Channel            Necr           6%         N/A       99%         6
 Iron Shot                Conj/Erth      6%         9d2       99%         6
 Simulacrum               Ice/Necr       Unusable   N/A       N/A         6

Dungeon Overview and Level Annotations

Branches:
Dungeon (11/15)            Temple (1/1) D:6            Lair (4/5) D:9
 Shoals (0/4) Lair:2       Spider (0/4) Lair:3        Sewer (visited)
  Slime: Lair:4-5       Orc: D:9-12

Altars:
Ashenzari
Cheibriados
Dithmenos
Elyvilon
Fedhas
Gozag
Hepliaklqana
Kikubaaqudgha
Makhleb
Nemelex Xobeh
Okawaru
Qazlal
Ru
Sif Muna
Trog
Uskayaw
Vehumet
Wu Jian
Xom
Yredelemnul
Zin
The Shining One

Shops:
D:1 *   D:2 *   D:3 [   D:5 **   D:8 *   D:9 ?!

Annotations:
D:7 Joseph
D:10 3 runed translucent doors, Neon14's ghost, journeyman DsBe
Lair:4 Rupert


Innate Abilities, Weirdness & Mutations

You are a creature of crystalline ice.
You have a powerful freezing melee attack.
Your maximum health is increased.
Your armour is entirely melded.
You are incapable of wielding weapons or throwing items.
You cannot wear most types of armour.
You are amphibious.
You can wear up to eight rings at the same time.
((Your skin changes colour to match your surroundings (Stealth+).))
((Your rubbery body absorbs attacks. (AC +1, EV +1)))
((You are camouflaged when in or above water. (Stealth+)))
((You have tentacles for arms and can constrict up to eight enemies at once.))


Message History

The lindwurm breathes flames at you. The blast of flame hits you!!!
The fire burns you terribly!
* * * LOW HITPOINT WARNING * * *
The lindwurm bites you but does no damage.
The lindwurm claws you but does no damage. x2
The lindwurm bites you but does no damage.
The lindwurm claws you but does no damage.
The lindwurm claws you.
You turn to ice and can move again.
You hit the lindwurm. You freeze the lindwurm.
The lindwurm is lightly wounded.
You hit the lindwurm but do no damage.
The lindwurm is lightly wounded.
The lindwurm bites you but does no damage.
The lindwurm claws you.
The lindwurm claws you but does no damage.
You hit the lindwurm. You freeze the lindwurm.
The lindwurm is lightly wounded.
The lindwurm barely misses you.
The lindwurm claws you but does no damage. x2
You punch the lindwurm! You freeze the lindwurm.
The lindwurm is heavily wounded.
The lindwurm bites you but does no damage.
The lindwurm closely misses you. The lindwurm barely misses you.
You hit the lindwurm. You freeze the lindwurm.
The lindwurm is heavily wounded.
The lindwurm bites you but does no damage.
The lindwurm claws you.
The lindwurm claws you but does no damage.
You hit the lindwurm but do no damage.
The lindwurm is heavily wounded.
The lindwurm is distracted by your dazzling golden aura.
You punch the lindwurm! You freeze the lindwurm.
The lindwurm is no longer distracted by gold.
The lindwurm is almost dead.
The lindwurm breathes flames at you. The blast of flame hits you!!!
The fire burns you terribly!
Ouch! That really hurt!
You die...
Your body crumbles into a pile of gold.

♣♣♣♣♣♣♣.♣♣♣♣♣♣ ♣...
#..##.##
♣P......♣.♣..♣♣♣.♣♣♣
#.#####
..≈~≈P♣.♣.♣.~~.....♣ #.
♣.♣.P♣♣....≈≈≈.♣.♣♣♣♣#.
...♣ ♣.♣♣....♣♣.....#
#### ############.### $
#... #.♣.♣.# $
#k♣♣♣#..♣..#
#$Y$..$....#
#.♣♣♣#..♣..#
#....♣#.♣.♣.#
#########.### ♣.♣ ...
... ..♣


You could see a lindwurm (catching breath).

Vanquished Creatures
  Gastronok (Lair:3)
  Erolcha (D:9)
  3 hydras
  2 boulder beetles
  A pharaoh ant (Lair:3)
  Pikel (D:7)
  A manticore (Lair:2)
  10 elephants (Lair:3)
  4 black mambas
  8 cane toads
  A gargoyle (D:11)
  5 rime drakes
  6 komodo dragons
  3 polar bears (Lair:3)
  A wind drake (Lair:2)
  A hornet (D:7)
  Prince Ribbit (D:7)
  21 blink frogs
  A dream sheep (Lair:4)
  3 slime creatures
  10 wyverns
  34 yaks
  12 basilisks
  A wraith (D:11)
  Grum (D:10)
  2 redbacks (Lair:3)
  A steam dragon (D:9)
  Menkaure (D:7)
  An acid dragon (D:9)
  A hell hound (Lair:3)
  14 water moccasins
  2 orc warriors
  An ice beast (D:6)
  2 black bears
  An ogre (D:6)
  10 wolves
  2 centaurs
  A kobold brigand (D:10)
  12 bullfrogs
  A necrophage (D:5)
  2 gnoll sergeants
  4 scorpions
  11 wights (D:8)
  7 killer bees (D:9)
  A howler monkey (D:7)
  2 jellies
  2 orc priests
  A gnoll bouda (D:4)
  3 hounds
  8 hell rats
  A merfolk siren (Sewer)
  14 orc wizards
  A merfolk avatar (Sewer)
  14 gnolls
  8 adders
  4 river rats
  2 worms (D:2)
  A dart slug (D:4)
  34 orcs
  13 ball pythons
  2 bats
  13 endoplasms
  2 giant cockroaches
  11 goblins
  3 hobgoblins
  3 jackals (D:4)
  5 quokkas
  3 frilled lizards
  14 kobolds
  30 rats
404 creatures vanquished.

Vanquished Creatures (others)
  An orc (D:10)
  57 fungi
  62 plants
120 creatures vanquished.

Grand Total: 524 creatures vanquished

Notes
Turn   | Place    | Note
-------+----------+-------------------------------------------
     0 | D:1      | wormed the Octopode Transmuter began the quest for the Orb.
     0 | D:1      | Reached XP level 1. HP: 13/13 MP: 3/3
    17 | D:1      | Noticed a minotaur skeleton
   285 | D:1      | Found Geproa's Assorted Antiques.
   561 | D:1      | Reached XP level 2. HP: 18/18 MP: 3/5
  1202 | D:1      | Learned a level 2 spell: Wereblood
  1281 | D:2      | Reached XP level 3. HP: 16/23 MP: 3/6
  1381 | D:2      | Found Jovineeff's Assorted Antiques.
  1815 | D:2      | Reached skill level 3 in Transmutations
  1815 | D:2      | Reached skill level 1 in Ice Magic
  1815 | D:2      | Reached XP level 4. HP: 24/28 MP: 3/7
  2252 | D:3      | Found a bloodstained altar of Trog.
  2512 | D:3      | Found Kojonan's Armour Boutique.
  2617 | D:3      | Found a glowing golden altar of the Shining One.
  2719 | D:3      | Learned a level 4 spell: Ice Form
  3060 | D:3      | Found a shimmering blue altar of Sif Muna.
  3060 | D:3      | Found a stormy altar of Qazlal.
  3565 | D:4      | Reached XP level 5. HP: 31/34 MP: 0/8
  3806 | D:4      | Found a glowing drain.
  3845 | Sewer    | Entered a sewer
  3935 | Sewer    | Reached XP level 6. HP: 39/39 MP: 3/10
  4455 | D:4      | Noticed a black bear
  4471 | D:4      | Killed a black bear
  4472 | D:4      | Reached skill level 4 in Transmutations
  4795 | D:4      | Reached XP level 7. HP: 40/45 MP: 4/11
  5060 | D:5      | Entered Level 5 of the Dungeon
  5838 | D:5      | Found Jaepaf's General Store.
  5843 | D:5      | Found Diczulew's Specific Store.
  6646 | D:6      | Got Devan's Omnibus of Petrous Gloom
  6657 | D:6      | Reached skill level 5 in Transmutations
  6750 | D:6      | Reached XP level 8. HP: 52/52 MP: 9/13
  7183 | D:6      | Found a staircase to the Ecumenical Temple.
  7406 | D:6      | Noticed a wyvern
  7409 | D:6      | Killed a wyvern
  7807 | Temple   | Entered the Ecumenical Temple
  8107 | Temple   | Became a worshipper of Gozag Ym Sagoz the Greedy
  8401 | D:7      | Reached skill level 6 in Transmutations
  8474 | D:7      | Noticed Prince Ribbit
  8487 | D:7      | Reached skill level 5 in Unarmed Combat
  8495 | D:7      | Killed Prince Ribbit
  8496 | D:7      | Reached XP level 9. HP: 24/58 MP: 11/15
  8732 | D:7      | Noticed Joseph
  8742 | D:7      | Noticed Menkaure
  9034 | D:7      | Noticed a hornet
  9201 | D:7      | Killed a hornet
  9495 | D:7      | Noticed Pikel
  9506 | D:7      | Killed Pikel
  9507 | D:7      | Reached skill level 5 in Dodging
  9507 | D:7      | Reached skill level 7 in Transmutations
  9695 | D:7      | Killed Menkaure
 10071 | D:8      | Reached skill level 5 in Fighting
 10341 | D:8      | Reached skill level 5 in Spellcasting
 10707 | D:8      | Reached XP level 10. HP: 32/62 MP: 11/17
 10844 | D:8      | Reached skill level 8 in Transmutations
 12012 | D:9      | Reached skill level 1 in Air Magic
 12013 | D:9      | Noticed Erolcha
 12022 | D:9      | Killed Erolcha
 12023 | D:9      | Reached skill level 9 in Transmutations
 12170 | D:9      | Found a blossoming altar of Fedhas.
 12383 | D:9      | Found Oddumum's Distillery.
 12566 | D:9      | Reached XP level 11. HP: 48/73 MP: 14/20
 12817 | D:10     | Entered Level 10 of the Dungeon
 13147 | D:10     | Noticed Neon14's ghost (journeyman DsBe)
 13174 | D:10     | Found a runed translucent gate.
 13174 | D:10     | Found a runed translucent gate.
 13174 | D:10     | Found a runed translucent gate.
 13285 | D:10     | Noticed Grum
 13479 | D:11     | Noticed a manticore
 14120 | D:10     | Killed Grum
 14445 | D:11     | Noticed a boulder beetle
 14500 | D:10     | Reached skill level 10 in Transmutations
 14671 | D:9      | Found a staircase to the Lair.
 14754 | Lair:1   | Entered Level 1 of the Lair of Beasts
 14919 | Lair:1   | You fall into a shaft and drop 1 floor!
 15226 | Lair:2   | Identified the +5 war axe of Circular Logic {antimagic,
                  | rN++}
 15397 | Lair:2   | Found a broken altar of Ashenzari.
 15490 | Lair:2   | Noticed a four-headed hydra
 15498 | Lair:2   | Killed a four-headed hydra
 15892 | Lair:2   | Found a staircase to the Shoals.
 15893 | Lair:2   | Noticed a manticore
 15920 | Lair:2   | Killed a manticore
 16371 | Lair:1   | Reached XP level 12. HP: 81/81 MP: 22/22
 16463 | Lair:1   | Noticed a boulder beetle
 17299 | Lair:1   | Reached skill level 11 in Transmutations
 17459 | Lair:1   | Killed a boulder beetle
 18072 | Lair:3   | Reached skill level 5 in Air Magic
 18428 | Lair:3   | Found a hole to the Spider Nest.
 18512 | Lair:3   | Noticed Gastronok
 18741 | Lair:3   | HP: 4/96 [hell rat (1)]
 18925 | Lair:3   | Noticed a seven-headed hydra
 18927 | Lair:3   | Reached XP level 13. HP: 71/89 MP: 24/24
 18940 | Lair:3   | Reached skill level 12 in Transmutations
 20695 | Lair:3   | Killed Gastronok
 21450 | Lair:4   | Noticed Rupert
 21610 | Lair:4   | Reached skill level 13 in Transmutations
 21653 | Lair:4   | Killed from afar by a lindwurm

Illustrated notes

Levels and vault maps discovered:
D:1:      shiori_arrival_whats_in_store_for_you, layout_basic, serial_shops,
          nicolae_diamond_shop, nicolae_hexahallways
D:2:      layout_loops_ring, serial_shops, shop, minmay_misc_feat_hallway,
          minmay_heptomino_o4
D:3:      layout_loops_corners, mainiacjoe_overflow_chevrons,
          nicolae_overflow_two_pavilions, old_standard_altar, serial_shops, shop
D:4:      layout_rooms, portal_sewer_entry_a, kennysheep_cluttered_room
D:5:      layout_basic, nicolae_specific_store, hangedman_decor_opposing
D:6:      layout_gridville, minmay_temple_entry_nine_rooms,
          kennysheep_generic_room_14
D:7:      layout_basic, nicolae_underground_beach, uniq_prince_ribbit1,
          uniq_joseph, uniq_pikel, uniq_menkaure
D:8:      layout_basic
D:9:      layout_basic, fedhas_altar_1, grunt_lair_entry_orc_guard_hut,
          serial_shops, shop_statue, serial_bayou_lake_a, uniq_erolcha
D:10:     layout_irregular_city, gammafunk_ghost_icy, uniq_grum
D:11:     layout_roguey
Temple:   minmay_temple_bridge_d
Lair:1:   layout_chaotic_city, minivault_23, grunt_forest_small_clearing_treed
Lair:2:   layout_cellular_growth, minmay_shoals_entry_beasts,
          gauntlet_entry_generic, basic_altar
Lair:3:   hellmonk_ruined_rings, layout_gridlike,
          nicolae_spider_entry_lesser_pyramids, special_room
          [special_room_mythical_zoo], cheibrodos_lair_lostbears,
          lemuel_fruit_tree, uniq_gastronok
Lair:4:   nzn_winding_woodlands_medium [nzn_winding_woodlands_5x5_closed_star,
          nzn_winding_woodlands_5x15_pathside_ponds,
          nzn_winding_woodlands_5x5_three, nzn_winding_woodlands_5x5_open_star,
          nzn_winding_woodlands_center_pierced_h,
          nzn_winding_woodlands_hourglass, nzn_winding_woodlands_5x5_cross,
          nzn_winding_woodlands_5x15_pool, nzn_winding_woodlands_5x5_default],
          layout_gridlike, nzn_sisyphean_effort, uniq_rupert

Skill      XL: |  1  2  3  4  5  6  7  8  9 10 11 12 13 |
---------------+----------------------------------------+-----
Transmutations | 3 4 5 6 7 9 10 11 13 | 13.0
Ice Magic      | 1 2 3 4 |  4.0
Fighting       | 2 3 4 5 6 7 8 9 |  9.2
Dodging        | 3 4 5 6 7 8 9 |  9.5
Unarmed Combat | 4 5 6 7 8 9 |  9.8
Spellcasting   | 3 4 5 6 7 8 |  8.6
Air Magic      | 2 4 5 7 |  7.0

Action                   |  1- 3 |  4- 6 |  7- 9 | 10-12 | 13-15 || total
-------------------------+-------+-------+-------+-------+-------++-------
Melee: Unarmed           |    61 |   149 |   257 |   597 |   299 ||  1363
       Kick              |    20 |     9 |       |       |       ||    29
       Tentacles         |    14 |     9 |       |     1 |     3 ||    27
       Constrict         |    15 |    11 |       |     1 |     2 ||    29
       Punch             |       |     1 |       |       |       ||     1
Throw: Throwing net      |       |       |       |       |     1 ||     1
 Cast: Beastly Appendage |    24 |    14 |       |       |       ||    38
       Wereblood         |    10 |    20 |    18 |    46 |    18 ||   112
       Ice Form          |       |    17 |    39 |    62 |    23 ||   141
Invok: Call Merchant     |       |       |       |     2 |       ||     2
       Potion Petition   |       |       |       |       |     3 ||     3
 Abil: End Transformatio |       |       |       |       |     2 ||     2
Evoke: Wand              |       |       |     7 |    11 |     9 ||    27
  Use: Scroll            |     2 |     8 |     7 |    20 |     1 ||    38
       Potion            |       |       |       |    12 |       ||    12
 Stab: Sleeping          |     3 |     2 |       |       |       ||     5
       Distracted        |       |       |       |     2 |       ||     2
Armor: Skin              |     6 |    58 |    90 |   213 |   167 ||   534
Dodge: Dodged            |    28 |    64 |   116 |   371 |   172 ||   751

Table legend: (Time is in decaauts)
 A = Elapsed time spent in this place.
 B = Non-inter-level travel time spent in this place.
 C = Inter-level travel time spent in this place.
 D = Time resting spent in this place.
 E = Time spent auto-exploring this place.
 F = Levels seen in this place.
 G = Mean time per level.
                   A        B        C        D        E       F      G
               +--------+--------+--------+--------+--------+-----+--------+
         Total |  21586 |  20164 |   1422 |    656 |  15297 |  17 | 1269.8 |
       Dungeon |  14272 |  13698 |    574 |    400 |  11061 |  11 | 1297.5 |
        Temple |    371 |    226 |    145 |      0 |    214 |   1 |  371.0 |
          Lair |   6400 |   5697 |    703 |    256 |   3664 |   4 | 1600.0 |
         Sewer |    542 |    542 |      0 |      0 |    358 |   1 |  542.0 |
               +--------+--------+--------+--------+--------+-----+--------+

Top non-repeatable levels by time:
  Lair:3: 2505 daAuts
  Lair:2: 1922 daAuts
     D:8: 1859 daAuts
     D:6: 1841 daAuts
     D:9: 1685 daAuts
     D:5: 1333 daAuts
     D:7: 1260 daAuts
     D:3: 1236 daAuts
     D:1: 1231 daAuts
  Lair:1: 1230 daAuts
    D:10: 1229 daAuts
     D:4: 1061 daAuts
     D:2: 974 daAuts
  Lair:4: 742 daAuts
    D:11: 558 daAuts
